[Event "ICC tourney 1979 (3 2)"]
[Site "Internet Chess Club"]
[Date "2020.08.28"]
[Round "1"]
[White "chessrex"]
[Black "Chesschamp27"]
[Result "1-0"]
[ICCResult "Black resigns"]
[WhiteElo "1967"]
[BlackElo "1483"]
[Opening "Paleface attack"]
[ECO "A45"]
[NIC "QP.07"]
[Time "20:01:21"]
[TimeControl "180+2"]

1. d4 Nf6 2. f3 e6 3. e4 c5 4. c3 d5 5. e5 Nfd7 6. f4 Nc6 7. Nf3 Qc7 8. Bd3
Be7 9. O-O b6 10. f5 O-O 11. f6 gxf6 12. Bh6 Re8 13. Nh4 Kh8 14. Qh5 f5 15.
Qxf7 Rg8 16. Nxf5 Nf8 17. Bg7+ {Black resigns} 1-0

[Event "ICC tourney 1979 (3 2)"]
[Site "Internet Chess Club"]
[Date "2020.08.28"]
[Round "1"]
[White "Anichess2009"]
[Black "VirginiaGuy"]
[Result "0-1"]
[ICCResult "White resigns"]
[WhiteElo "1340"]
[BlackElo "1368"]
[Opening "French defense"]
[ECO "C00"]
[NIC "FR.01"]
[Time "20:01:35"]
[TimeControl "180+2"]

1. e4 e6 2. Nf3 d5 3. exd5 exd5 4. Nc3 Nf6 5. d4 Nc6 6. Bb5 Bd7 7. O-O Be7
8. Re1 O-O 9. Qe2 Re8 10. Bg5 h6 11. Bf4 Kf8 12. Qd2 a6 13. Bd3 Kg8 14. Bf1
Bb4 15. Qd3 Rxe1 16. Rxe1 Bg4 17. h3 Bh5 18. Be2 Bg6 19. Qd2 Ne4 20. Qd3
Nxc3 {White resigns} 0-1

[Event "ICC tourney 1979 (3 2)"]
[Site "Internet Chess Club"]
[Date "2020.08.28"]
[Round "1"]
[White "ab4gm"]
[Black "Kinawa"]
[Result "0-1"]
[ICCResult "White checkmated"]
[WhiteElo "1370"]
[BlackElo "1511"]
[Opening "Caro-Kann defense"]
[ECO "B10"]
[NIC "CK.01"]
[Time "20:01:20"]
[TimeControl "180+2"]

1. e4 c6 2. Nf3 d5 3. exd5 cxd5 4. d4 Nc6 5. Nc3 Nf6 6. Bb5 a6 7. Bd3 Bg4 8.
h3 Bh5 9. Bg5 e6 10. Be2 Bd6 11. Ne5 Bxe2 12. Qxe2 Nxd4 13. Qd3 Bxe5 14. f4
Nxc2+ 15. Qxc2 Bd6 16. Qa4+ Qd7 17. Qd4 Be7 18. O-O O-O 19. Qf2 Rac8 20.
Rac1 Bc5 21. Bxf6 Bxf2+ 22. Kxf2 gxf6 23. Rfe1 Qd6 24. a3 Qxf4+ 25. Kg1 Kh8
26. Rf1 Qg5 27. Rf2 Qxc1+ 28. Kh2 Qg5 29. Na4 Rg8 30. Nb6 Qg3+ 31. Kg1 Rc1+
32. Rf1 Qxg2# {White checkmated} 0-1

[Event "ICC tourney 1979 (3 2)"]
[Site "Internet Chess Club"]
[Date "2020.08.28"]
[Round "1"]
[White "QueenHM"]
[Black "auggie29"]
[Result "1-0"]
[ICCResult "Black checkmated"]
[WhiteElo "1454"]
[BlackElo "1298"]
[Opening "French: Wing gambit"]
[ECO "C00"]
[NIC "FR.01"]
[Time "20:01:18"]
[TimeControl "180+2"]

1. e4 e6 2. Nf3 d5 3. e5 c5 4. b4 cxb4 5. d4 Nc6 6. a3 bxa3 7. c3 f6 8. Bd3
Qc7 9. Bf4 fxe5 10. Nxe5 Nxe5 11. Bxe5 Qd7 12. O-O Nf6 13. Nxa3 Be7 14. Bb5
Qxb5 15. Nxb5 O-O 16. Nc7 Rb8 17. Rxa7 b5 18. Na6 Rb7 19. Rxb7 Bxb7 20. Nc7
Bc8 21. Qb3 Bd7 22. h3 Rc8 23. Rb1 Bc6 24. Nxb5 Bxb5 25. Qxb5 Rxc3 26. Bxf6
Bxf6 27. Qe8# {Black checkmated} 1-0

[Event "ICC tourney 1979 (3 2)"]
[Site "Internet Chess Club"]
[Date "2020.08.28"]
[Round "1"]
[White "weakfish"]
[Black "Snowzera"]
[Result "0-1"]
[ICCResult "White resigns"]
[WhiteElo "1292"]
[BlackElo "1499"]
[Opening "Sicilian"]
[ECO "B56"]
[NIC "SI.25"]
[Time "20:01:20"]
[TimeControl "180+2"]

1. e4 c5 2. Nf3 d6 3. d4 cxd4 4. Nxd4 Nf6 5. Nc3 Nc6 6. Nb3 g6 7. h3 Bg7 8.
Bg5 O-O 9. Be2 Bd7 10. O-O e5 11. Re1 Re8 12. a3 Be6 13. Nd2 Qd7 14. Kh2
Rad8 15. Nf3 d5 16. Bb5 dxe4 17. Bxc6 Qxc6 18. Nxe5 Rxd1 19. Nxc6 Rxa1 20.
Rxa1 bxc6 21. Re1 Bd5 22. Bxf6 Bxf6 23. f3 exf3 24. Rxe8+ Kg7 25. gxf3 Bxf3
26. Re3 Bh5 27. Kg3 Bg5 28. Rd3 Bf6 29. Na4 g5 30. b3 Bg6 31. Rd2 Be5+ 32.
Kf3 Bf4 33. Re2 Bh5+ 34. Kf2 Bxe2 35. Kxe2 Bc1 36. Nc5 Bxa3 37. Kd3 Bxc5
{White resigns}
0-1

[Event "ICC tourney 1979 (3 2)"]
[Site "Internet Chess Club"]
[Date "2020.08.28"]
[Round "1"]
[White "sanjayselvam"]
[Black "jthebest"]
[Result "1-0"]
[ICCResult "Black checkmated"]
[WhiteElo "1460"]
[BlackElo "1287"]
[Opening "Queen's pawn, Mason variation"]
[ECO "D00"]
[NIC "QP.08"]
[Time "20:01:28"]
[TimeControl "180+2"]

1. d4 d5 2. Bf4 Nc6 3. e3 h6 4. c3 Bf5 5. Bd3 Bxd3 6. Qxd3 e6 7. Nf3 Bd6 8.
Ne5 Nxe5 9. dxe5 Bc5 10. Qb5+ c6 11. Qxc5 Ne7 12. Nd2 O-O 13. Nf3 b6 14. Qb4
a5 15. Qb3 Qd7 16. O-O b5 17. Qc2 Ng6 18. Rad1 Rad8 19. b3 Nxf4 20. exf4 Qe7
21. c4 f6 22. cxd5 cxd5 23. Qd3 f5 24. Nd4 Rfe8 25. Nc6 Qh4 26. Nxd8 Rxd8
27. Qg3 Qxg3 28. hxg3 d4 29. Rd3 a4 30. bxa4 bxa4 31. Rfd1 Rb8 32. Rxd4 Rb2
33. Rxa4 Kh7 34. Rd7 Rb1+ 35. Kh2 Rf1 36. Raa7 Rxf2 37. Rxg7+ Kh8 38. a4 Rb2
39. a5 Rb3 40. a6 Rb6 41. Rgb7 Rxb7 42. Rxb7 Kg8 43. a7 Kf8 44. a8=Q#
{Black checkmated}
1-0

[Event "ICC tourney 1979 (3 2)"]
[Site "Internet Chess Club"]
[Date "2020.08.28"]
[Round "1"]
[White "nbankulla"]
[Black "CastledQueen"]
[Result "1-0"]
[ICCResult "Black resigns"]
[WhiteElo "1210"]
[BlackElo "1520"]
[Opening "QP counter-gambit (elephant gambit)"]
[ECO "C40"]
[NIC "KP.10"]
[Time "20:01:19"]
[TimeControl "180+2"]

1. e4 e5 2. Nf3 d5 3. exd5 e4 4. Qe2 Nf6 5. d3 Be7 6. dxe4 O-O 7. Nc3 Re8 8.
Bg5 Bg4 9. h3 Bh5 10. O-O-O Nbd7 11. g4 Bg6 12. Bg2 Nc5 13. Bxf6 Bxf6 14. e5
a6 15. Rhe1 Be7 16. Qe3 b5 17. Nd4 Rb8 18. Nc6 Qc8 19. Nxb8 Qxb8 20. d6 cxd6
21. exd6 b4 22. Qxc5 Rc8 23. dxe7 bxc3 24. Qxc8+ Qxc8 25. Rd8+ {Black
resigns} 1-0

[Event "ICC tourney 1979 (3 2)"]
[Site "Internet Chess Club"]
[Date "2020.08.28"]
[Round "1"]
[White "Jeffchess"]
[Black "drberkley"]
[Result "0-1"]
[ICCResult "White checkmated"]
[WhiteElo "1307"]
[BlackElo "1504"]
[Opening "Pirc: classical (two knights) system"]
[ECO "B08"]
[NIC "PU.10"]
[Time "20:01:18"]
[TimeControl "180+2"]

1. e4 d6 2. Nf3 Nf6 3. Nc3 g6 4. d4 Bg7 5. d5 O-O 6. Bd3 e6 7. Bg5 exd5 8.
Nxd5 Nbd7 9. Bb5 c6 10. Nxf6+ Bxf6 11. Bh6 cxb5 12. Bxf8 Qxf8 13. c3 Nc5 14.
Qe2 Bd7 15. O-O-O Bc6 16. Nd4 Nxe4 17. Nxc6 Nxc3 18. bxc3 bxc6 19. Rxd6 Qxd6
20. Rd1 Qa3+ 21. Kb1 Bxc3 22. Rd7 Qb4+ 23. Kc1 Bf6 24. Rd2 Qc3+ 25. Rc2 Qa1+
26. Kd2 Rd8+ 27. Ke3 Re8+ 28. Kf3 Rxe2 29. Rxe2 Qd4 30. Re3 c5 31. h3 c4 32.
Kg3 c3 33. Rf3 c2 34. Kh2 c1=Q 35. Rg3 Be5 36. f3 Bxg3+ 37. Kxg3 Qe1+ 38.
Kh2 Qde5+ 39. g3 Qf2+ 40. Kh1 Qee1# {White checkmated} 0-1

[Event "ICC tourney 1979 (3 2)"]
[Site "Internet Chess Club"]
[Date "2020.08.28"]
[Round "1"]
[White "BillietheKid"]
[Black "stephenwilly"]
[Result "0-1"]
[ICCResult "White resigns"]
[WhiteElo "1451"]
[BlackElo "1517"]
[Opening "French: advance, Euwe variation"]
[ECO "C02"]
[NIC "FR.03"]
[Time "20:01:20"]
[TimeControl "180+2"]

1. e4 e6 2. d4 d5 3. e5 c5 4. c3 Nc6 5. Nf3 Bd7 6. Be2 Nge7 7. O-O Ng6 8. a3
c4 9. b4 b5 10. a4 bxa4 11. Rxa4 a5 12. b5 Na7 13. Na3 Nxb5 14. Nxb5 Bxb5
15. Ra2 Be7 16. Ba3 Bxa3 17. Rxa3 O-O 18. Qc1 h6 19. Qb2 Rb8 20. Qd2 Re8 21.
Rfa1 a4 22. Bd1 Ra8 23. Bc2 Nf8 24. g3 Qe7 25. Bxa4 Bxa4 26. Rxa4 Rxa4 27.
Rxa4 Qd7 28. Qa2 Ng6 29. Ra7 Qb5 30. h4 Rb8 31. h5 Nf8 32. Qd2 Nd7 33. Kg2
Nb6 34. Qf4 Qe8 35. Nh4 Ra8 36. Rc7 Ra3 37. Rb7 Na4 38. Qg4 Nxc3 39. Ng6
fxg6 40. hxg6 Ne4 41. f3 Ra2+ 42. Kh3 Nf2+ {White resigns} 0-1

[Event "ICC tourney 1979 (3 2)"]
[Site "Internet Chess Club"]
[Date "2020.08.28"]
[Round "1"]
[White "kurohaze"]
[Black "rcsong"]
[Result "1/2-1/2"]
[ICCResult "Game drawn because neither player has mating material"]
[WhiteElo "1464"]
[BlackElo "1414"]
[Opening "Queen's pawn game"]
[ECO "D05"]
[NIC "QO.17"]
[Time "20:01:40"]
[TimeControl "180+2"]

1. d4 e6 2. Nf3 Nf6 3. e3 d5 4. Nbd2 b6 5. c4 Bb7 6. cxd5 Nxd5 7. a3 c5 8.
dxc5 Bxc5 9. Bb5+ Bc6 10. Bxc6+ Nxc6 11. O-O O-O 12. Qc2 Rc8 13. e4 Nf4 14.
Nb3 Qd3 15. Qxd3 Nxd3 16. Nxc5 Nxc1 17. Raxc1 bxc5 18. Rxc5 Rfd8 19. b4 Nd4
20. Nxd4 Rxc5 21. bxc5 Rxd4 22. Rb1 Kf8 23. f3 Rc4 24. Rb7 Rxc5 25. Rxa7 Ke8
26. Kf2 Rc3 27. h4 Rc2+ 28. Kg3 Ra2 29. h5 Kf8 30. a4 Ke8 31. Kh3 g6 32.
hxg6 hxg6 33. g4 Ra3 34. Kg3 f5 35. exf5 exf5 36. gxf5 gxf5 37. Kf4 Kd8 38.
Ra5 Kc7 39. Rxf5 Rxa4+ 40. Kg5 Kd7 41. Rf6 Ke7 42. Kg6 Ra1 43. Rf7+ Ke6 44.
Rf6+ Ke7 45. Rb6 Rf1 46. Rb3 Ke6 47. Kg5 Ke5 48. Re3+ Kd4 49. Re4+ Kd5 50.
Kf5 Rxf3+ 51. Rf4 Rxf4+ 52. Kxf4
{Game drawn because neither player has mating material}
1/2-1/2

[Event "ICC tourney 1979 (3 2)"]
[Site "Internet Chess Club"]
[Date "2020.08.28"]
[Round "1"]
[White "Baggs"]
[Black "EsatERGIN"]
[Result "0-1"]
[ICCResult "White forfeits on time"]
[WhiteElo "1214"]
[BlackElo "1691"]
[Opening "Queen's pawn game"]
[ECO "D00"]
[NIC "QP.07"]
[Time "20:01:36"]
[TimeControl "180+2"]

1. d4 Nf6 2. Nc3 d5 3. Bf4 c5 4. e3 Bf5 5. Nb5 Na6 6. c3 e6 7. a4 c4 8. f3
Nh5 9. Bg3 Nxg3 10. hxg3 Qg5 11. g4 Qxe3+ 12. Qe2 Qxe2+ 13. Nxe2 Bg6 14. Nf4
Bc2 15. Be2 Be7 16. Nh5 g6 17. Nf4 Kd7 18. Kf2 Bg5 19. Nh3 Bh4+ 20. g3 Bf6
21. Nf4 Nc7 22. Nxc7 Kxc7 23. Bd1 Bxd1 24. Rhxd1 h5 25. gxh5 g5 26. Ng2 Rxh5
{White forfeits on time}
0-1

[Event "ICC tourney 1979 (3 2)"]
[Site "Internet Chess Club"]
[Date "2020.08.28"]
[Round "1"]
[White "Aadarsh99"]
[Black "shrey16ultimate"]
[Result "0-1"]
[ICCResult "White checkmated"]
[WhiteElo "1318"]
[BlackElo "1484"]
[Opening "Queen's pawn game, Darooha variation "]
[ECO "D02"]
[NIC "QP.06"]
[Time "20:01:20"]
[TimeControl "180+2"]

1. d4 Nf6 2. Nf3 d5 3. g3 Bf5 4. Bg2 e6 5. O-O c5 6. e3 Nc6 7. Nbd2 Qb6 8.
c3 Be7 9. b3 cxd4 10. exd4 O-O 11. Bb2 Ne4 12. Re1 Qa5 13. Nxe4 Bxe4 14. b4
Qc7 15. Qe2 a6 16. a4 Rfb8 17. a5 Nd8 18. Nd2 Bxg2 19. Kxg2 Rc8 20. Rac1 Nc6
21. Nb3 Na7 22. Nc5 Bxc5 23. dxc5 Nc6 24. Qd3 Rd8 25. Qe3 Kh8 26. Ba1 Rac8
27. Re2 Rd7 28. Rce1 h6 29. Qd3 Rcd8 30. Qc2 d4 31. cxd4 Nxd4 32. Bxd4 Rxd4
33. Qb3 Qc6+ 34. Kg1 Qb5 35. Rb2 Rd3 36. Qa2 R8d4 37. Qb1 Rc3 38. Kg2 Rcc4
39. Re3 Rxb4 40. Rxb4 Rxb4 41. Qe4 Qxc5 42. Qxb7 Rxb7 43. Rf3 Qc6 44. h3
Qxf3+ 45. Kxf3 Rb5 46. Kg4 Rxa5 47. Kf3 Rd5 48. Kg2 a5 49. Kf3 a4 50. Kg2 a3
51. Kf3 a2 52. Kg2 a1=Q 53. Kf3 Qc3+ 54. Kg2 Rd2 55. Kh2 Rxf2+ 56. Kh1 Qe1#
{White checkmated}
0-1

[Event "ICC tourney 1979 (3 2)"]
[Site "Internet Chess Club"]
[Date "2020.08.28"]
[Round "1"]
[White "blackjack721"]
[Black "kushagra12"]
[Result "0-1"]
[ICCResult "White checkmated"]
[WhiteElo "1318"]
[BlackElo "1507"]
[Opening "Sicilian defense"]
[ECO "B30"]
[NIC "SI.31"]
[Time "20:01:24"]
[TimeControl "180+2"]

1. e4 c5 2. Nf3 Nc6 3. Bc4 e6 4. c3 d5 5. exd5 exd5 6. Bb3 Be7 7. d3 Nf6 8.
Bf4 O-O 9. Na3 Re8 10. O-O Bg4 11. Nb5 Rc8 12. Re1 a6 13. Na3 b5 14. Re3 c4
15. dxc4 bxc4 16. Bc2 Bc5 17. Rxe8+ Qxe8 18. h3 Bh5 19. g4 Bg6 20. Ba4 Bxa3
21. bxa3 Qe4 22. Bg3 Nd7 23. Ng5 Qd3 24. Qe1 f6 25. Ne6 Nde5 26. Bd1 Re8 27.
Nf4 Nf3+ 28. Bxf3 Rxe1+ 29. Rxe1 Qxf3 30. Nxg6 hxg6 31. Re8+ Kf7 32. Rc8 Ne7
33. Rc7 Ke6 34. Ra7 Qxc3 35. Rxa6+ Kf7 36. Ra7 Qe1+ 37. Kg2 Qe4+ 38. Kh2 Qe6
39. a4 d4 40. a5 c3 41. a6 Qb6 42. Ra8 c2 43. a7 c1=Q 44. a4 Qbc6 45. Bb8
Q1h1+ 46. Kg3 Qcf3+ 47. Kh4 g5+ 48. Kh5 Qhxh3# {White checkmated} 0-1

[Event "ICC tourney 1979 (3 2)"]
[Site "Internet Chess Club"]
[Date "2020.08.28"]
[Round "1"]
[White "PearsonH"]
[Black "AJRChess2011"]
[Result "1-0"]
[ICCResult "Black forfeits on time"]
[WhiteElo "1369"]
[BlackElo "1422"]
[Opening "Queen's pawn: London system"]
[ECO "A45"]
[NIC "QP.07"]
[Time "20:01:17"]
[TimeControl "180+2"]

1. d4 Nf6 2. Bf4 g6 3. Nc3 Bg7 4. e4 d6 5. Qd2 O-O 6. O-O-O Nbd7 7. e5 dxe5
8. dxe5 Ng4 9. e6 fxe6 10. Bc4 Rf6 11. f3 Rxf4 12. Bxe6+ Kh8 13. fxg4 Rd4
14. Qe2 Rxd1+ 15. Nxd1 Ne5 16. Bxc8 Rxc8 17. Ne3 Qd4 18. Nf3 Nxf3 19. c3 Qa4
20. Qxf3 Qxa2 21. Kc2 Qa4+ 22. Kd2 Rd8+ 23. Ke2 Qb5+ 24. c4 Qxb2+ 25. Ke1
Bc3+ 26. Kf1 Qc1+ 27. Kf2 Qxh1 28. Nf1 Bg7 29. Qxb7 Rf8+ 30. Kg3 Qxf1 31.
Qxc7 Qf2+ 32. Kh3 Qe3+ 33. g3 Qe2 34. Qxa7 Qf1+ 35. Kh4 Bf6+ 36. g5 Qxc4+
37. g4 Bg7 38. Qxe7 Qd4 39. Qe1 Qd6 40. Qg3 Be5 41. Qb3 Bxh2 42. Kh3
{Black forfeits on time}
1-0

[Event "ICC tourney 1979 (3 2)"]
[Site "Internet Chess Club"]
[Date "2020.08.28"]
[Round "1"]
[White "hursha6b5"]
[Black "stgummadi"]
[Result "1-0"]
[ICCResult "Black resigns"]
[WhiteElo "1608"]
[BlackElo "1200"]
[Opening "Sicilian"]
[ECO "B56"]
[NIC "SI.25"]
[Time "20:02:10"]
[TimeControl "180+2"]

1. e4 c5 2. Nf3 d6 3. d4 cxd4 4. Nxd4 Nf6 5. Nc3 Nc6 6. f3 e5 7. Nb3 Be7 8.
Be3 Be6 9. Qd2 O-O 10. O-O-O a6 11. g4 Qc7 12. g5 Nd7 13. Rg1 g6 14. h4 Kg7
15. h5 Nb6 16. Kb1 Rad8 17. f4 d5 18. exd5 Nxd5 19. Nxd5 Bxd5 20. Qe2 exf4
21. Bd2 f3 22. Bc3+ f6 23. Qf2 b6 24. hxg6 hxg6 25. Qh4 Bc5 26. Rh1 Rh8 27.
Bxf6+ Kf7 28. Bxh8 Bxb3 29. Rxd8 Bxc2+ 30. Kxc2 Qxd8 31. Qh7+ Ke6 32. Bc4+
Kf5 33. Qf7+ Kxg5 34. Qd5+ Qxd5 35. Bxd5 Nd4+ 36. Bxd4 Bxd4 37. Bxf3 a5 38.
b3 Kf5 39. Kd3 Bc5 40. Be4+ Kg5 41. Kc4 {Black resigns} 1-0

[Event "ICC tourney 1979 (3 2)"]
[Site "Internet Chess Club"]
[Date "2020.08.28"]
[Round "1"]
[White "oxdidi"]
[Black "OctopusYule"]
[Result "0-1"]
[ICCResult "White checkmated"]
[WhiteElo "1135"]
[BlackElo "1446"]
[Opening "Giuoco Piano"]
[ECO "C54"]
[NIC "IG.02"]
[Time "20:01:49"]
[TimeControl "180+2"]

1. e4 e5 2. Nf3 Nc6 3. Bc4 Bc5 4. c3 Nf6 5. d3 d6 6. h3 h6 7. Nbd2 a6 8. O-O
O-O 9. Re1 Na5 10. Bb3 Nxb3 11. axb3 Re8 12. Nf1 Bb6 13. Ng3 Be6 14. Nh4 Kh7
15. Nhf5 Bxf5 16. Nxf5 d5 17. Qf3 dxe4 18. dxe4 Qd7 19. Rd1 Qe6 20. Qg3 Rg8
21. Be3 Bxe3 22. Qxe3 Ne8 23. Qg3 Nd6 24. Ra5 Nxf5 25. Rxe5 Nxg3 26. Rxe6
fxe6 27. Rd7 Ne2+ 28. Kf1 Nf4 29. Rf7 Ng6 30. Rf3 Rgf8 31. Rxf8 Rxf8 32. Ke2
Rf7 33. Ke3 Kg8 34. f3 e5 35. g3 Kf8 36. f4 exf4+ 37. gxf4 Nxf4 38. h4 Ne6
39. e5 Rf5 40. Ke4 Rf4+ 41. Kd3 Rxh4 42. b4 Ke7 43. c4 Rd4+ 44. Kc3 Re4 45.
Kd3 Rxe5 46. Kc3 g5 47. Kd3 g4 48. Kc3 Rg5 49. Kd3 g3 50. Kc3 g2 51. Kd3
g1=Q 52. Kc3 Qe3+ 53. Kc2 Rg2+ 54. Kb1 Qe1+ 55. Ka2 Qxb4 56. Kb1 Qxb2#
{White checkmated}
0-1

[Event "ICC tourney 1979 (3 2)"]
[Site "Internet Chess Club"]
[Date "2020.08.28"]
[Round "1"]
[White "clair"]
[Black "ztraynor"]
[Result "1/2-1/2"]
[ICCResult "Game drawn by repetition"]
[WhiteElo "1259"]
[BlackElo "1280"]
[Opening "Dutch"]
[ECO "A80"]
[NIC "HD.12"]
[Time "20:01:17"]
[TimeControl "180+2"]

1. d4 f5 2. Bf4 e6 3. e3 Nf6 4. Nf3 Be7 5. Nc3 O-O 6. Ne5 d6 7. Nf3 Ne4 8.
Nxe4 fxe4 9. Nd2 d5 10. Be2 Bd6 11. Bg3 c5 12. c3 c4 13. O-O Nd7 14. f3 Bxg3
15. hxg3 exf3 16. Nxf3 b5 17. Qc2 Nf6 18. Kf2 Ne4+ 19. Ke1 Nxg3 20. Rg1 Nxe2
21. Kxe2 Qd6 22. Rh1 g6 23. Ne5 Qe7 24. Rh2 Qg5 25. Rah1 Qf5 26. Nf3 Qxc2+
27. Ke1 Qxb2 28. Rxh7 Qc1+ 29. Ke2 Qxc3 30. Ne5 Qc2+ 31. Ke1 Qc1+ 32. Ke2
Qb2+ 33. Ke1 Qxa2 34. Rh8+ Kg7 35. R1h7+ Kf6 36. Rxf8+ Kg5 37. Nf3+ Kg4 38.
Ne5+ Kg3 39. Rf3+ Kxg2 40. Rg7 Qb1+ 41. Kd2 Qb2+ 42. Kd1 Qa1+ 43. Kd2 Qa5+
44. Kd1 Qa4+ 45. Kd2 Qa2+ 46. Kd1 c3 47. Rxg6+ Kh2 48. Ng4+ Kg2 49. Ne5+ Kh2
50. Ng4+ Kg2 51. Ne5+ Kh2 52. Ng4+ Kg2 53. Ne5+ Kh2 54. Ng4+
{Game drawn by repetition}
1/2-1/2

[Event "ICC tourney 1979 (3 2)"]
[Site "Internet Chess Club"]
[Date "2020.08.28"]
[Round "1"]
[White "MIEMBR"]
[Black "UltimateDL"]
[Result "1-0"]
[ICCResult "Black checkmated"]
[WhiteElo "1547"]
[BlackElo "1316"]
[Opening "Queen's pawn game, Darooha variation "]
[ECO "D02"]
[NIC "QP.08"]
[Time "20:01:21"]
[TimeControl "180+2"]

1. d4 d5 2. Nf3 Nf6 3. g3 e6 4. Bg2 c5 5. O-O Nc6 6. c4 dxc4 7. dxc5 Qxd1 8.
Rxd1 Bxc5 9. Nbd2 O-O 10. Nxc4 Bd7 11. Bf4 Rfd8 12. Nfe5 Nxe5 13. Nxe5 Bb5
14. e3 Nd5 15. Rac1 Nxf4 16. exf4 Bb6 17. Bxb7 Rab8 18. Bg2 f6 19. Nc6 Rxd1+
20. Rxd1 Bxc6 21. Bxc6 Rc8 22. Be4 f5 23. Bb1 Kf8 24. Kg2 Ke7 25. a3 Bc5 26.
Ba2 Rb8 27. b4 Bxb4 28. axb4 Rxb4 29. Re1 Rb6 30. Kf3 Kf6 31. Re5 g5 32. Ra5
a6 33. Bc4 g4+ 34. Kg2 Rc6 35. Bxa6 Rc3 36. Re5 Rc6 37. Be2 Rd6 38. h3 h5
39. hxg4 hxg4 40. f3 gxf3+ 41. Bxf3 Rd2+ 42. Re2 Rd5 43. Bxd5 exd5 44. Re5
d4 45. Rd5 Kg6 46. Rxd4 Kh5 47. Kh3 Kg6 48. Kh4 Kf6 49. Rd6+ Ke7 50. Ra6 Kd7
51. Kg5 Kc7 52. Kxf5 Kb7 53. Rh6 Kc7 54. Ke5 Kd8 55. Ke6 Kc8 56. Rh7 Kd8 57.
Re7 Kc8 58. Kd6 Kd8 59. f5 Kc8 60. Rd7 Kb8 61. Kc6 Kc8 62. f6 Kb8 63. Rc7
Ka8 64. Kb6 Kb8 65. Rc6 Ka8 66. Rc8# {Black checkmated} 1-0

[Event "ICC tourney 1979 (3 2)"]
[Site "Internet Chess Club"]
[Date "2020.08.28"]
[Round "1"]
[White "Viking21"]
[Black "ChessMonkey123"]
[Result "1-0"]
[ICCResult "Black checkmated"]
[WhiteElo "1495"]
[BlackElo "1341"]
[Opening "Giuoco Piano: Anderssen variation"]
[ECO "C54"]
[NIC "IG.02"]
[Time "20:02:30"]
[TimeControl "180+2"]

1. e4 e5 2. Nf3 Nc6 3. Bc4 Bc5 4. c3 Nf6 5. d4 exd4 6. e5 d5 7. Bb5 Ne4 8.
cxd4 Bb4+ 9. Nbd2 O-O 10. O-O a6 11. Bxc6 bxc6 12. Nxe4 dxe4 13. Ng5 h6 14.
Nxe4 Qd5 15. Nc3 Bxc3 16. bxc3 Rb8 17. Be3 Bf5 18. Qd2 Rb5 19. Rac1 Qc4 20.
Bf4 Rfb8 21. Qe3 Bd3 22. Rfe1 Re8 23. h4 Rb2 24. h5 Rxa2 25. Bxh6 gxh6 26.
Qxh6 Qe6 27. Qg5+ Kh8 28. Re3 Rg8 29. Qh4 Bc4 30. Rf3 Bd5 31. Rf6 Rxg2+ 32.
Kf1 Qg4 33. Rh6+ Kg8 34. Qd8+ Kg7 35. Qf6+ Kf8 36. Rh8+ Qg8 37. Qd8+ Kg7 38.
Rxg8+ Kh6 39. Rxg2 Bxg2+ 40. Kxg2 Kxh5 41. Rh1+ Kg4 42. Qh4+ Kf5 43. Qh5+
Ke4 44. Qxf7 Kd3 45. Qxc7 a5 46. Qxc6 a4 47. Rh3+ Ke2 48. Qe4+ Kd2 49. Qe3+
Kc2 50. c4 a3 51. Qc3+ Kb1 52. Rh1# {Black checkmated} 1-0

[Event "ICC tourney 1979 (3 2)"]
[Site "Internet Chess Club"]
[Date "2020.08.28"]
[Round "1"]
[White "Snuffleupegus"]
[Black "SuperBlueSky"]
[Result "1-0"]
[ICCResult "Black checkmated"]
[WhiteElo "1504"]
[BlackElo "1332"]
[Opening "Réti: King's Indian attack (Barcza system)"]
[ECO "A07"]
[NIC "QP.09"]
[Time "20:01:20"]
[TimeControl "180+2"]

1. Nf3 d5 2. g3 e6 3. Bg2 Nf6 4. O-O Be7 5. d3 O-O 6. Nc3 c5 7. e4 dxe4 8.
Nxe4 Nc6 9. Re1 Nxe4 10. Rxe4 b6 11. Rg4 e5 12. Ra4 Bd7 13. Ra3 c4 14. Rc3
cxd3 15. Rxd3 e4 16. Rxd7 Qc8 17. Ne1 Rd8 18. Rxd8+ Qxd8 19. Qxd8+ Rxd8 20.
Bf4 f5 21. f3 exf3 22. Nxf3 Nb4 23. c3 Bc5+ 24. Kh1 Nd3 25. h3 Re8 26. Bf1
Nxb2 27. Re1 Rxe1 28. Nxe1 Na4 29. Be5 Kf7 30. Bc4+ Kg6 31. h4 Nb2 32. Bb3
a5 33. Nf3 a4 34. Bg8 h6 35. Kg2 Kh5 36. Bxg7 Kg6 37. Bd4 Nd1 38. Bxc5 bxc5
39. c4 Nb2 40. Ne5+ Kf6 41. Nd7+ Ke7 42. Nxc5 Kd6 43. Nxa4 Nxa4 44. Kf3 Nc3
45. Kf4 Nxa2 46. Kxf5 Ke7 47. Kg6 Kf8 48. Bd5 Nb4 49. Kxh6 Nd3 50. g4 Ne5
51. g5 Nd7 52. g6 Nf6 53. g7+ Ke8 54. Kg6 Ke7 55. h5 Ng8 56. h6 Ke8 57. h7
Ne7+ 58. Kf6 Ng6 59. g8=Q+ Nf8 60. h8=Q Kd7 61. Qxf8 Kc7 62. Qc8+ Kb6 63.
Qhd8+ Ka7 64. Qb7# {Black checkmated} 1-0

[Event "ICC tourney 1979 (3 2)"]
[Site "Internet Chess Club"]
[Date "2020.08.28"]
[Round "1"]
[White "Alec-hine"]
[Black "NonnaThat"]
[Result "1-0"]
[ICCResult "Black resigns"]
[WhiteElo "1698"]
[BlackElo "1888"]
[Opening "Trompowsky attack (Ruth, Opocenský opening)"]
[ECO "A45"]
[NIC "QP.07"]
[Time "20:01:24"]
[TimeControl "180+2"]

1. d4 Nf6 2. Bg5 Ne4 3. Bf4 c5 4. f3 Qa5+ 5. c3 Nf6 6. d5 d6 7. e4 Nbd7 8.
Bd3 g6 9. Ne2 Bg7 10. O-O O-O 11. Nd2 b5 12. a4 c4 13. Bc2 Qb6+ 14. Kh1 e5
15. dxe6 fxe6 16. Bg3 Ba6 17. axb5 Bxb5 18. Nd4 Nc5 19. Nxb5 Qxb5 20. Bxd6
Rfd8 21. Bxc5 Qxc5 22. Qe2 Qb5 23. b3 Nh5 24. Nxc4 Bxc3 25. Rad1 Nf4 26. Qf2
e5 27. g3 Ne6 28. f4 Bd4 29. Qf3 exf4 30. gxf4 Bg7 31. e5 Nd4 32. Rxd4 Rxd4
33. Qxa8+ Kf7 34. Qxa7+ Rd7 35. Qf2 Qb7+ 36. Qf3 Qb8 37. f5 Kg8 38. fxg6 h6
39. Qe4 Re7 40. Re1 Qf8 41. Bd3 Qe8 42. e6 Qb8 43. Bf1 Qa7 44. Bh3 Qa2 45.
Qf3 Qa7 46. Qe3 Qb8 47. Bf5 Qa8+ 48. Be4 Qa2 49. Rf1 Qa6 50. Qf3 Qxe6 51.
Bd5 {Black resigns} 1-0

[Event "ICC tourney 1979 (3 2)"]
[Site "Internet Chess Club"]
[Date "2020.08.28"]
[Round "1"]
[White "strangerthingz"]
[Black "Checkmatestone"]
[Result "1/2-1/2"]
[ICCResult "Game drawn by repetition"]
[WhiteElo "1395"]
[BlackElo "1378"]
[Opening "King's pawn opening"]
[ECO "B07"]
[NIC "VO.17"]
[Time "20:01:21"]
[TimeControl "180+2"]

1. e4 d6 2. Nc3 e5 3. Bc4 Nf6 4. d3 Be7 5. Nf3 h6 6. h3 c6 7. Bb3 a5 8. a3
b5 9. d4 Nbd7 10. dxe5 dxe5 11. O-O Qc7 12. Qd3 Nc5 13. Qe2 Nxb3 14. cxb3
Be6 15. Qc2 Rb8 16. Be3 O-O 17. Rfd1 b4 18. axb4 Rxb4 19. Nd5 Bxd5 20. exd5
c5 21. d6 Bxd6 22. Bd2 Rb5 23. Bxa5 Rxa5 24. Rxa5 Qxa5 25. Rxd6 e4 26. Nd2
Qa1+ 27. Kh2 Rc8 28. Nxe4 Nxe4 29. Qxe4 Qxb2 30. Qe3 Qa3 31. Rd7 c4 32. Qc3
Qxb3 33. Qe1 Qb8+ 34. Kh1 c3 35. Qe7 Rf8 36. Qc5 Qb1+ 37. Kh2 Qe1 38. Rd3
Re8 39. Qxc3 Qe5+ 40. Qxe5 Rxe5 41. Rd8+ Kh7 42. f3 Re2 43. Rd7 Kg6 44. Kg3
f6 45. Rd4 h5 46. Rd3 Rb2 47. Rd5 Rb4 48. Ra5 h4+ 49. Kh2 f5 50. Ra6+ Kh5
51. Ra7 g6 52. Rh7+ Kg5 53. Rf7 Kf4 54. Rg7 g5 55. Rf7 Rc4 56. Rf8 Rc2 57.
Rf7 Rc1 58. Rf8 Rc5 59. Rf7 Ke5 60. Rd7 Kf6 61. Rd6+ Kf7 62. Rh6 Kg7 63. Rd6
Rc4 64. Rd7+ Kg6 65. Rd6+ Kh5 66. Rd5 Rf4 67. Re5 Kg6 68. Ra5 g4 69. hxg4
fxg4 70. fxg4 Rxg4 71. Kh3 Rg3+ 72. Kh2 Rc3 73. Rd5 Rb3 74. Ra5 Re3 75. Rb5
Rd3 76. Ra5 Rg3 77. Rb5 Re3 78. Ra5 Rd3 79. Rb5 Ra3 80. Rc5 Rg3 81. Ra5 Rd3
82. Rb5 Rc3 83. Ra5 Rb3 84. Rc5 Ra3 85. Rb5 Re3 86. Rc5 Rd3 87. Rb5 Rc3 88.
Ra5 Re3 89. Rb5 Ra3 90. Rc5 Re3 91. Rb5 {Game drawn by repetition} 1/2-1/2